[Event "*** Titled Tuesday Blitz"]
[Site "Chess.com"]
[Date "2020.05.12"]
[Round "5"]
[White "Nafania1"]
[Black "GMStefanova"]
[Result "1-0"]
[WhiteElo "2439"]
[BlackElo "2628"]
[TimeControl "180+1"]
[EndTime "10:57:45 PDT"]
[Termination "Nafania1 won on time"]

1. e4 e5 2. Nf3 Nc6 3. Bb5 g6 4. c3 a6 5. Ba4 Bg7 6. d4 exd4 7. cxd4 b5 8. Bb3 Nge7 9. a4 Bb7 10. O-O O-O 11.
a5 d5 12. e5 Bc8 13. h3 h6 14. Re1 Be6 15. Be3 Nf5 16. Nbd2 Nxe3 17. fxe3 Ne7 18. Rc1 c6 19. Ra1 Rc8 20. Bc2 c5 21. Nb3 c4 22. Nc5 Rc6 23. b4 Bf5 24. Qd2 Bxc2 25.
Qxc2 Nf5 26. Rad1 Nh4 27. Nxh4 Qxh4 28. e4 Rd8 29. exd5 Rxd5 30. Qe4 Qxe4 31. Rxe4 Bf8 32. Rde1 Bxc5 33. dxc5 Re6 34. Kf2 Kf8 35. R1e3 Ke7 36. Ke2 Rc6 37. Rf4 Re6 38. Rfe4 Rd7 39. Rf3 Kd8 40. Rf6 Rde7 41. Rxe6 Rxe6 42. Ke3 Re7 43.
Kf4 Kc7 44. Re2 Kc6 45. h4 Rd7 46. e6 Re7 47. exf7 Rxf7+ 48. Kg3 Rf6 49. Rd2 c3 50. Rd3 c2 51. Rc3 Re6 52. Rxc2 Re4 53. Rf2 Rxb4 54.
Rf6+ Kxc5 55. Rxa6 g5 56. hxg5 hxg5 57. Rg6 Ra4 58. Rxg5+ Kb4 59. Rg4+ Kxa5 60. Rg8 Ra3+ 61. Kf4 b4 62. Rb8 Ka4 63. g4 Rc3 64. g5 b3 65.
Rxb3 Rc1 66. Rf3 Rc4+ 67. Kf5 Rc5+ 68. Kg6 Rc6+ 69. Rf6 Rc1 70. Kh6 Rh1+ 71. Kg7 Rg1 72. g6 Kb5 73. Rd6 Kc5 74. Rd2 Kc6 75. Kf7 Rf1+ 76. Kg8 Rg1 77. g7 Kc7 78. Rd4 Rg2 79. Kf7 Rf2+ 80. Kg6 Rg2+ 81. Kf6 Rf2+ 82. Kg5 Rf8 83.
gxf8=Q 1-0

[Event "*** Titled Tuesday Blitz"]
[Site "Chess.com"]
[Date "2020.05.12"]
[Round "5"]
[White "Munkhzul_Turmunkh"]
[Black "Aygehovit1992"]
[Result "1/2-1/2"]
[WhiteElo "2479"]
[BlackElo "2680"]
[TimeControl "180+1"]
[EndTime "10:57:46 PDT"]
[Termination "Game drawn - insufficient material"]

1. e4 d6 2. d4 g6 3. Nc3 Bg7 4. Nf3 Nf6 5. Be2 O-O 6. O-O Nc6 7. h3 e5 8. dxe5 dxe5 9. Be3 Be6 10. Bc5 Re8 11. Ng5 Nd4 12. Nxe6 Rxe6 13. Bf3 Nd7 14.
Bxd4 exd4 15. Nd5 c6 16. Nf4 Rd6 17. Nd3 Qb6 18. Re1 Re8 19. b3 a5 20. Qd2 h5 21.
Rad1 Ne5 22. Nxe5 Bxe5 23. Qd3 Rf6 24. a4 h4 25. Bg4 Qc5 26. Rf1 Qe7 27. Qc4 Rf4 28. Qd3 Qg5 29. Rde1 Rf6 30. g3 hxg3 31.
fxg3 Kg7 32. Kg2 Re7 33. Rxf6 Qxf6 34. Rf1 Qd6 35. h4 Qc5 36. h5 Bd6 37. Rh1 Qg5 38. Qf3 Be5 39. Rd1 b5 40. axb5 cxb5 41. hxg6 fxg6 42. Bh3 Rf7 43. Qg4 Qxg4 44. Bxg4 Rc7 45. Rd2 a4 46. bxa4 bxa4 47. Be6 a3 48. Kh3 Ra7 49. Ba2 Kf6 50. Rd3 Ra4 51. Kg4 Bd6 52.
Rb3 Bb4 53. Rf3+ Ke5 54. Rf7 Kxe4 55. Bb3 Ra5 56. Ba2 Bd6 57. Rf6 Be5 58. Rxg6 Rb5 59. Ra6 Rb2 60. Rxa3 Rb8 61. Be6 Rb6 62. Bf5+ Kd5 63.
Ra5+ Kd6 64. Be4 Rb1 65. Ra6+ Ke7 66. Kf3 Re1 67. g4 Re3+ 68. Kg2 Rxe4 69. Kf3 Rf4+ 70. Ke2 Rxg4 71. Kd3 Rg3+ 72. Ke4 Bf6 73. Kd5 Rc3 74. Ra7+ Kf8 75. Ke6 Rf3 76. Rf7+ Ke8 77. Rxf6 Rc3 78. Rh6 Kd8 79. Kd5 Rxc2 80. Kxd4 Rc7 81. Rh8+ Kd7 82. Rh7+ Kc6 83. Rxc7+ Kxc7 1/2-1/2

[Event "*** Titled Tuesday Blitz"]
[Site "Chess.com"]
[Date "2020.05.12"]
[Round "5"]
[White "krasavetc"]
[Black "2008king"]
[Result "1/2-1/2"]
[WhiteElo "2295"]
[BlackElo "2087"]
[TimeControl "180+1"]
[EndTime "10:57:52 PDT"]
[Termination "Game drawn - insufficient material"]

1. e4 e5 2. Nf3 Nc6 3. Bc4 Bc5 4. d4 Bxd4 5. c3 Bc5 6. Bxf7+ Kxf7 7. Qd5+ Kf8 8. Qxc5+ Qe7 9. Qxe7+ Kxe7 10. O-O Nf6 11. Bg5 d6 12. Nbd2 Bg4 13. h3 Be6 14. Rfe1 h6 15. Be3 g5 16. Nh2 Raf8 17. g4 Nd7 18. b4 Rfg8 19. Ndf1 h5 20. Ng3 hxg4 21.
hxg4 Rh4 22. Nf5+ Bxf5 23. gxf5 Nf6 24. Nf3 Rh5 25. b5 Na5 26. Kg2 g4 27. Nd2 Rgh8 28.
Rh1 Rh3 29. f3 Rxh1 30. Rxh1 Rxh1 31. Kxh1 gxf3 32. Bg5 Kf7 33. Kg1 Ng4 34. Bd8 f2+ 35. Kg2 Ne3+ 36. Kxf2 Nec4 37. Nxc4 Nxc4 38. Bxc7 Ke8 39.
Ke2 Kd7 40. f6 Ke6 41. Kd3 Nb6 42. Bb8 a6 43. bxa6 bxa6 44. a3 Kxf6 45. Bxd6 Ke6 46. Bc7 Nd7 47. Ba5 Nc5+ 48. Ke3 Kd7 49. Bb4 Nb7 50. c4 a5 51. Bc3 Kd6 52. Bd2 Kc5 53.
Kd3 a4 54. Be3+ Kc6 55. Kc3 Nd6 56. Kb4 Nxe4 57. Kxa4 Nf6 58. Kb4 e4 59. a4 Nd7 60.
a5 Ne5 61. a6 Nd3+ 62. Kc3 Ne5 63. Kd4 Nd7 64. Kxe4 Nf6+ 65. Ke5 Nd7+ 66. Ke6 Nf8+ 67. Ke7 Nd7 68. Kd8 Ne5 69. a7 Kb7 70. c5 Nc6+ 71. Kd7 Nxa7 72. Bf4 Nc6 73. Bd6 Na7 74. Ke6 Nc6 75.
Kd5 Na7 76. Be5 Nc6 77. Bf4 Na7 78. Bc1 Nc6 79. Ba3 Na7 80. Bb4 Nc6 81. Bc3 Na7 82. Ba5 Nc6 83. Bb6 Nb8 84. Kd6 Nc6 85. Bc7 Nb4 86.
Ba5 Nc6 87. Bb6 Nb4 88. Bc7 Nc6 89. Bd8 Nxd8 90. Kd7 Nc6 91. Kd6 Nb4 92. Kd7 Nc6 93. Kd6 Na5 94. Kd5 Nc6 95. Kc4 Kc7 96. Kb5 Nb8 97. Kc4 Nc6 98. Kd5 Ne7+ 99. Ke6 Nc6 100.
Kd5 Nb4+ 101. Kc4 Na6 102. Kb5 Nb8 103. c6 Nxc6 1/2-1/2

[Event "*** Titled Tuesday Blitz"]
[Site "Chess.com"]
[Date "2020.05.12"]
[Round "5"]
[White "PhileKhoob"]
[Black "Maybe00"]
[Result "1-0"]
[WhiteElo "2455"]
[BlackElo "2810"]
[TimeControl "180+1"]
[EndTime "10:58:02 PDT"]
[Termination "PhileKhoob won by resignation"]

1. e4 e5 2. Nf3 Nc6 3. d4 exd4 4.
Nxd4 Nf6 5. Nxc6 bxc6 6. e5 Qe7 7. Qe2 Nd5 8. c4 Ba6 9. b3 g6 10. Bb2 Bg7 11. Nd2 O-O 12. O-O-O d6 13. Qe4 Nb6 14. f4 Rfe8 15. g4 d5 16. Qc2 dxc4 17. Nxc4 Nxc4 18.
Bxc4 Bxc4 19. Qxc4 g5 20. Rhe1 gxf4 21. Qxf4 a5 22.
Kb1 a4 23. Rd3 axb3 24. axb3 Qe6 25. Qf5 Qe7 26. Rh3 h6 27. g5 Qxg5 28. Qxg5 hxg5 29. Rg3 f6 30. Reg1 Kf7 31. exf6 Bxf6 32. Rf1 Re6 33. Rgf3 Rb8 34. Rxf6+ Rxf6 35. Rxf6+ Ke7 36. Rf3 Ke6 37. Kc2 Rb4 38. Rf6+ Kd7 39. Rh6 Re4 40. Rh5 Re2+ 41. Kc1 Rg2 42. Bf6 g4 43. Be5 Re2 44. Bg3 Re3 45. Kc2 Re2+ 46. Kc3 Ke6 47. Rh7 Re3+ 48. Kb2 Re2+ 49. Ka3 Kd5 50. Rxc7 Re4 51. Rd7+ Kc5 52. Rd2 Kb5 53. Kb2 c5 54. Kc3 Re3+ 55. Rd3 Re4 56. Bd6 Kc6 57. Bg3 Kb5 58. Rd2 Re3+ 59. Kc2 Kb4 60. Rf2 Rc3+ 61. Kd2 Kxb3 62. Rf4 Rc2+ 63. Kd3 c4+ 64. Kd4 Rd2+ 65. Ke3 c3 66. Rxg4 Rd1 67. Bf4 c2 68. Ke2 Rd4 69. Rg3+ Kb2 70. Bh6 Rd6 71. Be3 Re6 72. Rg1 Re4 73. h3 Rh4 74. Rh1 Kc3 75.
Kf3 Kd3 76. Bg5 Rh7 77. h4 Kd4 78. Kg4 Ke4 79. Re1+ Kd5 80. h5 Rb7 81. h6 Rb1 82. Rc1 Rb4+ 83. Kh5 Rc4 84. h7 Rc8 85. Bf6 Ke4 86.
h8=Q Rxh8+ 87. Bxh8 Kd3 88. Bb2 Kc4 89. Kg4 Kb3 90. Bf6 Kc4 91. Bg5 Kd3 92. Kf3 Kc3 93.
Ke2 1-0

[Event "*** Titled Tuesday Blitz"]
[Site "Chess.com"]
[Date "2020.05.12"]
[Round "5"]
[White "Firouzja2003"]
[Black "Mfcyryd"]
[Result "1-0"]
[WhiteElo "3149"]
[BlackElo "2565"]
[TimeControl "180+1"]
[EndTime "10:58:04 PDT"]
[Termination "Firouzja2003 won by resignation"]

1. d4 Nf6 2. c4 e6 3. Nf3 b6 4. g3 Bb7 5. Bg2 Be7 6. O-O O-O 7. Nc3 d5 8. Ne5 Nbd7 9. cxd5 exd5 10. Bg5 h6 11. Bxf6 Nxf6 12. Rc1 a6 13. e3 Bd6 14. Qb3 Re8 15. Nd3 c6 16. Na4 b5 17. Nac5 Bc8 18.
Qc3 a5 19. a3 Re7 20. Ne5 Qe8 21. Ncd3 Bb7 22. Rfd1 Rc7 23. b4 a4 24. Qe1 Qe7 25. Rc2 Nd7 26. Nxd7 Qxd7 27. Nc5 Bxc5 28. Rxc5 Re8 29. Rdc1 Rcc8 30. Qf1 Qe6 31. Bh3 f5 32. Qd3 Rf8 33. R1c3 g6 34. Qc2 Kg7 35. Bg2 Rcd8 36.
h4 Rd6 37. Bf3 Qf6 38. Kf1 Qe6 39. Be2 g5 40. h5 Rf6 41. Ke1 Qe8 42. Kd2 g4 43. Qd1 Qxh5 44. Qg1 Qe8 45. Qh2 Qe7 46. Bd3 Qf7 47. Rc1 Qe7 48. Qh4 Qf7 49. R1c2 Qe7 50. Qh1 Qf7 51. Qc1 Qd7 52. Bxb5 Qe7 53. Bd3 h5 54.
Qh1 Rh6 55. Qh4 Qxh4 56. gxh4 f4 57. exf4 Rhf6 58. f5 Bc8 59. b5 Bxf5 60. bxc6 Bxd3 61. Kxd3 Rf3+ 62. Ke2 Re6+ 63. Kf1 Re8 64. c7 Rc8 65. Rxd5 Rf7 66. Rxh5 Rfxc7 67. Rxc7+ Rxc7 68. Rg5+ Kf6 69. Rxg4 Rc4 70. h5 Rc1+ 71. Kg2 Rc8 72. d5 Rd8 73. Rxa4 Rxd5 74. Rh4 Kg5 75. Rh3 Kh6 76.
Kf1 Rd2 77. Kg2 Rb2 78. Rh4 Rb5 79. a4 Rc5 80. Kg3 Ra5 81. f3 Rg5+ 82. Rg4 Ra5 83. Re4 Kxh5 84. f4 Kg6 85. Kg4 Kf6 86. Rb4 Ra6 87. Kf3 Rd6 88. Ke4 Rc6 89. Kd5 Rc1 90.
Kd6 Rd1+ 91. Kc6 Kf5 92. a5 Rc1+ 93. Kb6 Kf6 94. a6 1-0

[Event "*** Titled Tuesday Blitz"]
[Site "Chess.com"]
[Date "2020.05.12"]
[Round "5"]
[White "reniite"]
[Black "FranciscodelaF"]
[Result "1-0"]
[WhiteElo "1945"]
[BlackElo "2337"]
[TimeControl "180+1"]
[EndTime "10:58:13 PDT"]
[Termination "reniite won by resignation"]

1. e4 d5 2. exd5 Nf6 3. d4 Bg4 4. Nf3 Qxd5 5. Be2 e6 6. O-O Nc6 7. Nc3 Qd7 8. Be3 O-O-O 9. h3 Bxf3 10. Bxf3 Nxd4 11. Bxd4 Qxd4 12. Qe2 Bd6 13. Nb5 Qb6 14. c4 a6 15. Nxd6+ Rxd6 16. c5 Qxc5 17. Rac1 Qb6 18.
Rc3 Nd5 19. Rc4 Kb8 20. Rfc1 c6 21. Qe5 Rd8 22. Qxg7 Qc7 23. Qxh7 Qe7 24. Qc2 e5 25. Qb3 Ka8 26. Be4 Qe6 27. Rc5 f5 28. Bd3 e4 29.
Bc4 Qe5 30. Qa4 Ka7 31. Bxa6 Nb6 32. Qa3 Rd1+ 33. Bf1+ Kb8 34. Qb3 Qd6 35. R5c2 Rxc1 36. Rxc1 Nd5 37. a4 Nf4 38. a5 Nd3 39. Rd1 Qd4 40.
Bxd3 exd3 41. a6 Rd7 42. axb7 d2 43. Qc3 Qd5 44. Qg3+ Kxb7 45. Qf4 Rg7 46. Qb4+ Kc7 47. g3 Rd7 48. Qf4+ Kb7 49. h4 Qd3 50. Qb4+ Kc7 51. Qf4+ Rd6 52. Qe5 Kb6 53. Qe3+ Kb5 54. Qxd3+ Rxd3 55. Kf1 f4 56. Ke2 Rd8 57. Rxd2 f3+ 58.
Ke3 Rf8 59. Rd4 Kc5 60. Rf4 Rb8 61. Kxf3 Rb3+ 62. Kg4 Rxb2 63. h5 Kd6 64. h6 Ke7 65. h7 Rb8 66. Kg5 Rb5+ 67. Kg6 Rb8 68. Kg7 c5 69. h8=Q Rxh8 70. Kxh8 Ke6 71. Rc4 Kd5 72.
Rc1 c4 73. g4 Kd4 74. g5 c3 75. g6 Kd3 76. Rxc3+ Kxc3 77. g7 Kd3 78. g8=Q Ke2 79.
Qe8+ Kf3 80. Qg6 Ke2 81. f4 Kf1 82. f5 Kf2 83. f6 Kf3 84. f7 Ke3 85. f8=Q Kd4 86.
Qge8 1-0

[Event "*** Titled Tuesday Blitz"]
[Site "Chess.com"]
[Date "2020.05.12"]
[Round "5"]
[White "LastHeroJr"]
[Black "GMaka"]
[Result "0-1"]
[WhiteElo "2493"]
[BlackElo "2370"]
[TimeControl "180+1"]
[EndTime "10:58:20 PDT"]
[Termination "GMaka won by resignation"]

1. e4 c6 2. d4 d5 3. e5 Bf5 4. Nf3 e6 5. Be2 Ne7 6. O-O Ng6 7. Nbd2 Nf4 8. Nb3 Nxe2+ 9. Qxe2 Be7 10. c3 O-O 11. Be3 a5 12. a4 Nd7 13. Nbd2 h6 14.
h3 Bh7 15. Rfe1 Qb6 16. Nf1 Qa6 17. Qd2 b5 18. Ng3 Bg6 19. Nh2 b4 20. Ng4 bxc3 21.
bxc3 Qd3 22. Qc1 Qc2 23. Bxh6 Qxc1 24. Bxc1 Rfb8 25. Ne3 Rb3 26. Bd2 Rab8 27. f4 Bd3 28. f5 Bh4 29. Kh2 exf5 30. Nexf5 Bxf5 31. Nxf5 Bxe1 32. Rxe1 R8b6 33. e6 fxe6 34. Rxe6 Nf6 35. Bf4 Rb7 36. Be5 Kf7 37. Rd6 Ne4 38. Rd8 g6 39.
Nh6+ Ke6 40. Rg8 g5 41. Rg6+ Kd7 42. Nf5 Rb2 43. Nh6 R7b3 44. Rg7+ Kc8 45. Nf5 Kd8 46. Rg8+ Kd7 47. Rg7+ Kd8 48. Ne7 Rxc3 49. Nf5 Rcc2 50. Rg8+ Kd7 51. h4 Rxg2+ 52. Kh3 g4+ 53. Rxg4 Rxg4 54.
Kxg4 Nf2+ 55. Kg5 Ne4+ 56. Kg6 Rg2+ 57. Kf7 c5 58. dxc5 Nxc5 59. h5 Rg5 60. Kf6 Rxh5 61. Nd4 Rh6+ 62. Kg5 Rh5+ 63. Kxh5 Nxa4 64. Kg5 Nc5 65. Kf4 a4 66. Ke3 Nb3 67. Nc2 Kc6 68.
Bb2 Kb5 69. Ba3 Kc4 70. Ke2 d4 71. Ne1 Kc3 72. Nd3 Kc2 73. Bf8 Na5 74. Nb4+ Kb3 75. Nd3 Kc2 76. Ne1+ Kb3 77. Nd3 a3 78. Nc1+ Kc2 79.
Bxa3 Nb3 80. Bc5 Nxc1+ 81. Kf3 d3 82. Be3 Nb3 83. Ke4 Na5 84. Kd5 Nb3 85. Kc4 Na1 86.
Kb4 Nb3 87. Kc4 Na5+ 88. Kb4 Nb7 89. Kc4 Nd6+ 90. Kd5 Nf5 91. Bg5 Ng3 92. Kd4 Ne2+ 93. Kd5 Nc3+ 94. Kd4 Nb1 95. Kc4 Nd2+ 96. Kd4 Nf3+ 0-1

[Event "*** Titled Tuesday Blitz"]
[Site "Chess.com"]
[Date "2020.05.12"]
[Round "5"]
[White "noblerone"]
[Black "vinniethepooh"]
[Result "1/2-1/2"]
[WhiteElo "2421"]
[BlackElo "2615"]
[TimeControl "180+1"]
[EndTime "10:58:38 PDT"]
[Termination "Game drawn by 50-move rule"]

1. d4 Nf6 2. Bg5 e6 3. Nd2 d5 4. e3 Be7 5. Bd3 c5 6. c3 Nc6 7. f4 h6 8. Bh4 Nd7 9. Bxe7 Qxe7 10. Ngf3 b6 11. O-O Bb7 12. Ne5 a6 13. a4 Rc8 14.
Qe2 c4 15. Bc2 b5 16. axb5 axb5 17. Qg4 Kf8 18. Nxd7+ Qxd7 19. Nf3 f5 20. Qg3 Kf7 21. Qh3 Ra8 22. g4 g6 23. Rxa8 Bxa8 24. Ra1 Bb7 25.
Qg3 Ra8 26. Rxa8 Bxa8 27. Qh4 Kg7 28. g5 h5 29. Qe1 Qa7 30. Qb1 Bb7 31. Kf2 Qa5 32.
Nh4 b4 33. Qe1 b3 34. Bd1 Qa1 35. Qd2 Ne7 36. Nf3 Nc8 37. Ne5 Nd6 38. Bf3 Qb1 39. Nd7 Qc2 40. Ke2 Qb1 41. Nc5 Bc8 42. Na4 Kf7 43. Nc5 Ke7 44. h4 Nb5 45. Na4 Kd6 46. Nc5 Nc7 47. Na4 Kc6 48. Nc5 Kb5 49.
Bg2 Qa1 50. Bf3 Na6 51. Nxa6 Bxa6 52. Bg2 Ka4 53. Kf2 Qb1 54. Ke2 Bb5 55. Kf2 Bc6 56.
Ke2 Bb7 57. Kf2 Qc2 58. Ke2 Bc8 59. Bf3 Ba6 60. Bg2 Qb1 61. Kf2 Kb5 62. Bf3 Kc6 63.
Bg2 Bb5 64. Bf3 Kd6 65. Bg2 Ba4 66. Bf3 Qa1 67. Bg2 Bd7 68. Bf3 Kc6 69. Bg2 Kb6 70.
Bf3 Be8 71. Bg2 Qb1 72. Bf3 Qc2 73. Ke2 Qb1 74. Kf2 Bb5 75. Bg2 Ba6 76. Bf3 Ka5 77. Bg2 Ka4 78. Bf3 Qc2 79. Ke2 Qb1 80. Kf2 Bb5 81.
Bg2 Ka5 82. Bf3 Ba4 83. Bg2 Bc6 84. Bf3 Bb7 85. Bg2 Bc8 86. Bf3 Bd7 87. Bg2 Ka4 88.
Bf3 Qa1 89. Bg2 Qa2 90. Bf3 Qb1 91. Bg2 Qc2 92. Ke2 Bb5 93. Bf3 Qb1 94. Bg2 Qg1 95.
Kf3 Bc6 96. Kg3 Bd7 97. Kf3 Kb5 98. Kg3 Kb6 99. Kf3 Ba4 100. Kg3 Kb5 101. Kf3 Qh2 1/2-1/2

[Event "*** Titled Tuesday Blitz"]
[Site "Chess.com"]
[Date "2020.05.12"]
[Round "5"]
[White "Ladislav1969"]
[Black "Karacsonyi_Gellert"]
[Result "1/2-1/2"]
[WhiteElo "2347"]
[BlackElo "2486"]
[TimeControl "180+1"]
[EndTime "10:58:43 PDT"]
[Termination "Game drawn by repetition"]

1. e4 c5 2. d4 cxd4 3. c3 Nf6 4. e5 Nd5 5. Nf3 e6 6. cxd4 d6 7. Nc3 Nxc3 8. bxc3 dxe5 9. Nxe5 Nc6 10. Nxc6 bxc6 11. Bd3 Be7 12. O-O O-O 13. Qf3 Bb7 14. Qe4 g6 15.
Rb1 Rb8 16. Bh6 Re8 17. Rfd1 Bf8 18. Bf4 Bd6 19. Be5 Bxe5 20. dxe5 Qd5 21. Bc2 Qxa2 22. h4 Ba8 23. h5 c5 24. Qd3 Rxb1 25. Rxb1 Qd5 26. f3 Qxd3 27. Bxd3 Rd8 28. Bc4 Kg7 29. hxg6 hxg6 30. Ra1 Rd7 31. Ra5 Rc7 32. Kf2 Bd5 33. Bb5 Rb7 34. c4 a6 35. Rxa6 Rb8 36. cxd5 Rxb5 37.
d6 Rb2+ 38. Ke3 Rb3+ 39. Kd2 c4 40. Rc6 Rd3+ 41. Kc2 f6 42. Rxc4 Rd5 43. Rc7+ Kh6 44.
exf6 Rxd6 45. Re7 e5 46. Kc3 Rxf6 47. Rxe5 Ra6 48. Re2 Ra4 49. Kd3 Kg7 50. Ke3 Rb4 51.
Kf2 Ra4 52. g3 Rb4 53. Re4 Rb2+ 54. Ke3 Rb3+ 55. Kf4 Ra3 56. Kg4 Rb3 57. Rc4 Ra3 58.
f4 Rb3 59. Kh4 Ra3 60. g4 Rb3 61. Rc7+ Kg8 62. Rc6 Kg7 63. Rc5 Rb4 64. Kg5 Rb7 65.
Rd5 Ra7 66. Rb5 Rc7 67. Ra5 Rb7 68. Ra6 Rb5+ 69. Kh4 Rb7 70. g5 Rb1 71. Kg4 Rg1+ 72.
Kf3 Rf1+ 73. Ke4 Re1+ 74. Kd5 Rd1+ 75. Ke6 Re1+ 76. Kd7 Rf1 77. Ra4 Rd1+ 78. Ke6 Re1+ 79. Kd5 Rd1+ 80. Ke5 Re1+ 81. Re4 Ra1 82. Ke6 Ra6+ 83.
Kd5 Ra5+ 84. Kd4 Ra4+ 85. Ke3 Ra3+ 86. Kf2 Ra2+ 87. Kg3 Ra3+ 88. Kg4 Ra1 89. Re7+ Kf8 90. Rd7 Rg1+ 91. Kf3 Rf1+ 92. Ke4 Re1+ 93. Kd5 Kg8 94. Rd6 Kf7 95. Rf6+ Kg7 96. Re6 Rd1+ 97. Ke5 Re1+ 98. Kd6 Rd1+ 99. Ke7 Ra1 100. Rd6 Re1+ 101. Kd7 Rf1 102. Rd4 Ra1 103. Kd6 Ra6+ 104. Ke5 Ra5+ 105. Rd5 Ra7 106. Rc5 Re7+ 107. Kd6 Re4 108. Rc7+ Kg8 109. Rc8+ Kg7 110. Rc7+ Kg8 111. Rc8+ Kg7 112. Rc7+ 1/2-1/2

[Event "*** Titled Tuesday Blitz"]
[Site "Chess.com"]
[Date "2020.05.12"]
[Round "6"]
[White "IMinTheWings"]
[Black "lifeissofun"]
[Result "1-0"]
[WhiteElo "2214"]
[BlackElo "2336"]
[TimeControl "180+1"]
[EndTime "11:00:30 PDT"]
[Termination "IMinTheWings won by checkmate"]

1. c4 Nf6 2. Nc3 e6 3. e4 d5 4. e5 d4 5. exf6 dxc3 6. bxc3 Qxf6 7. Nf3 Bd6 8. d4 Qd8 9. Bd3 O-O 10. Bxh7+ Kxh7 11.
Ng5+ Kg6 12. h4 f6 13. h5+ Kf5 14. g4# 1-0

[Event "*** Titled Tuesday Blitz"]
[Site "Chess.com"]
[Date "2020.05.12"]
[Round "6"]
[White "Zurability"]
[Black "coalescenet"]
[Result "1-0"]
[WhiteElo "2638"]
[BlackElo "2339"]
[TimeControl "180+1"]
[EndTime "11:00:55 PDT"]
[Termination "Zurability won by resignation"]

1. c4 e6 2. g3 d5 3. Bg2 Nf6 4. Nf3 Be7 5. O-O O-O 6. b3 b6 7. Bb2 Bb7 8. e3 c5 9. Nc3 Nc6 10. cxd5 Nxd5 11. Nxd5 Qxd5 12. d4 Rfd8 13. Ne5 Qd6 14.
Qh5 g6 15. Qf3 Nxe5 16. dxe5 Bxf3 17. exd6 Bf6 18. Bxf6 Bxg2 19. Kxg2 Rxd6 20. Rfd1 1-0

[Event "*** Titled Tuesday Blitz"]
[Site "Chess.com"]
[Date "2020.05.12"]
[Round "6"]
[White "Alexander_Moskalenko"]
[Black "viditchess"]
[Result "0-1"]
[WhiteElo "2819"]
[BlackElo "2961"]
[TimeControl "180+1"]
[EndTime "11:00:58 PDT"]
[Termination "viditchess won by resignation"]

1. d4 Nf6 2. c4 e6 3. g3 c5 4.
Nf3 cxd4 5. Nxd4 d5 6. Bg2 e5 7.
Nb3 d4 8. O-O Nc6 9. e3 d3 10. Nc3 Be6 11. Nd2 h5 12. e4 h4 13.
Nd5 hxg3 14. hxg3 Nd4 15. Nf3 Ne2+ 0-1

[Event "*** Titled Tuesday Blitz"]
[Site "Chess.com"]
[Date "2020.05.12"]
[Round "6"]
[White "TrenerChos"]
[Black "HarryCun"]
[Result "1-0"]
[WhiteElo "2395"]
[BlackElo "2190"]
[TimeControl "180+1"]
[EndTime "11:01:07 PDT"]
[Termination "TrenerChos won by resignation"]

1. e4 c6 2. d4 d5 3. e5 Bf5 4. Nf3 e6 5. Be2 Ne7 6. O-O Nd7 7. Be3 c5 8. c4 Nc6 9. cxd5 exd5 10.
Nc3 cxd4 11. Nxd4 Nxd4 12. Qxd4 Bc5 13. Qxd5 Bxe3 14. fxe3 Be6 15. Qxb7 O-O 16. Qe4 Qb6 17. Qd4 Qxb2 18. Rfb1 Qc2 19. Bd3 Qd2 20. Bxh7+ 1-0

[Event "*** Titled Tuesday Blitz"]
[Site "Chess.com"]
[Date "2020.05.12"]
[Round "6"]
[White "Stewie_89"]
[Black "XiaoKangZhong"]
[Result "1-0"]
[WhiteElo "2620"]
[BlackElo "2406"]
[TimeControl "180+1"]
[EndTime "11:01:13 PDT"]
[Termination "Stewie_89 won by checkmate"]

1. e4 c6 2. d4 d5 3. Nd2 dxe4 4.
Nxe4 Nf6 5. Nxf6+ exf6 6. Be3 Bd6 7. Bd3 O-O 8. Qd2 Nd7 9. Ne2 Qc7 10. O-O-O b5 11. g4 Nb6 12. g5 fxg5 13. Bxg5 b4 14. h4 a5 15. Rdg1 Re8 16. Bf6 Bf8 17. Rxg7+ Bxg7 18. Qg5 Qb7 19. Qxg7# 1-0

[Event "*** Titled Tuesday Blitz"]
[Site "Chess.com"]
[Date "2020.05.12"]
[Round "6"]
[White "ezkybel"]
[Black "Beca95"]
[Result "1/2-1/2"]
[WhiteElo "2522"]
[BlackElo "2896"]
[TimeControl "180+1"]
[EndTime "11:01:19 PDT"]
[Termination "Game drawn by repetition"]

1. e4 c6 2. d4 d5 3. f3 e6 4. Nc3 c5 5. exd5 exd5 6. Bb5+ Nc6 7. Nge2 Nf6 8. O-O cxd4 9. Nxd4 Bc5 10. Re1+ Be6 11.
Bxc6+ bxc6 12. Na4 Bxd4+ 13. Qxd4 O-O 14. Bg5 h6 15. Bxf6 Qxf6 16. Qxf6 gxf6 17. Nc5 Rfe8 18. c3 a5 19. Kf2 Kf8 20. Re2 Ke7 21. Rae1 Kd6 22. Nb7+ Kc7 23. Nc5 Kd6 24. Nb7+ Kc7 25. Nc5 Kd6 1/2-1/2

[Event "*** Titled Tuesday Blitz"]
[Site "Chess.com"]
[Date "2020.05.12"]
[Round "6"]
[White "Bossche-CM"]
[Black "PetrolulSah"]
[Result "1-0"]
[WhiteElo "2441"]
[BlackElo "2279"]
[TimeControl "180+1"]
[EndTime "11:01:25 PDT"]
[Termination "Bossche-CM won by resignation"]

1. e4 e5 2. Nf3 Nc6 3. Nc3 Nf6 4. d4 exd4 5. Nxd4 Bb4 6. Nxc6 bxc6 7. Bd3 d5 8. exd5 cxd5 9. O-O O-O 10. h3 c6 11. Qf3 Qd6 12. Bf4 Qc5 13. a3 Bxc3 14.
bxc3 Qxc3 15. Bxh7+ Nxh7 16. Qxc3 Bd7 17. Rfe1 Nf6 18. Be5 Ne4 19. Rxe4 dxe4 20. Bxg7 Rfe8 21. Bh6 f6 22. Qxf6 1-0

[Event "*** Titled Tuesday Blitz"]
[Site "Chess.com"]
[Date "2020.05.12"]
[Round "6"]
[White "kai_nov"]
[Black "przemekpiotrowski"]
[Result "0-1"]
[WhiteElo "2254"]
[BlackElo "2428"]
[TimeControl "180+1"]
[EndTime "11:01:49 PDT"]
[Termination "przemekpiotrowski won by checkmate"]

1. d4 c5 2. d5 e5 3. c4 d6 4. Nc3 Be7 5. e4 Bg5 6. Bd3 Bxc1 7. Qxc1 Ne7 8. Nge2 O-O 9. O-O Nd7 10. a3 Ng6 11. b4 b6 12. Qe3 Nf6 13. Ng3 Nf4 14.
Nce2 Ng4 15. Qf3 Qf6 16. h3 Nxh3+ 17. Kh1 Qh6 18. Nf5 Nhxf2+ 19. Kg1 Qh1# 0-1

[Event "*** Titled Tuesday Blitz"]
[Site "Chess.com"]
[Date "2020.05.12"]
[Round "6"]
[White "PIwan"]
[Black "archess2"]
[Result "1-0"]
[WhiteElo "2512"]
[BlackElo "2316"]
[TimeControl "180+1"]
[EndTime "11:01:51 PDT"]
[Termination "PIwan won by resignation"]

1. c4 c6 2. e4 d5 3. exd5 cxd5 4. cxd5 Nf6 5. Nc3 Nxd5 6. Nf3 Nc6 7. d4 Bg4 8. Qb3 Bxf3 9. gxf3 Nb6 10. d5 Ne5 11.
Bb5+ Nbd7 12. Be2 Qb6 13. Be3 Qxb3 14. axb3 b6 15. f4 Ng6 16. Bb5 Kd8 17. Bc6 Rc8 18.
Rxa7 Nf6 19. Bxb6+ 1-0

[Event "*** Titled Tuesday Blitz"]
[Site "Chess.com"]
[Date "2020.05.12"]
[Round "6"]
[White "Buffy7"]
[Black "ARMQUEEN"]
[Result "1-0"]
[WhiteElo "2673"]
[BlackElo "2342"]
[TimeControl "180+1"]
[EndTime "11:02:11 PDT"]
[Termination "Buffy7 won by resignation"]

1. d4 Nf6 2. c4 c5 3. Nf3 cxd4 4. Nxd4 g6 5. Nc3 Nc6 6. e4 Nxd4 7. Qxd4 d6 8. Be3 Bg7 9. Be2 O-O 10. Qd2 a5 11.
f3 a4 12. Rc1 Qa5 13. Kf2 Be6 14. Nd5 Qd8 15. Nb6 Ra6 16. c5 dxc5 17. Qxd8 Rxd8 18. Bxa6 bxa6 19. Nxa4 c4 20. Nc5 Bc8 21. Rhd1 Re8 22.
Rxc4 Kf8 23. e5 Ng8 24. f4 f6 25. e6 f5 26. Nd7+ 1-0

[Event "*** Titled Tuesday Blitz"]
[Site "Chess.com"]
[Date "2020.05.12"]
[Round "6"]
[White "Colombiano07"]
[Black "Kostya26"]
[Result "0-1"]
[WhiteElo "2198"]
[BlackElo "2398"]
[TimeControl "180+1"]
[EndTime "11:02:11 PDT"]
[Termination "Kostya26 won by resignation"]

1. d4 d5 2. Nf3 c6 3. e3 Nf6 4.
Bd3 Bg4 5. O-O e6 6. Nbd2 Nbd7 7. b3 Bd6 8. Bb2 Qe7 9. Qe2 e5 10. dxe5 Nxe5 11. h3 Bh5 12. Rfe1 O-O-O 13. c4 dxc4 14. Bxc4 Rhe8 15. Rad1 g5 16. g4 Nfxg4 17. Nxe5 Nf6 18. Ng4 Ne4 19. Nxe4 Qxe4 20. Rd4 Qe7 21. Red1 f5 0-1

[Event "*** Titled Tuesday Blitz"]
[Site "Chess.com"]
[Date "2020.05.12"]
[Round "6"]
[White "Diego_FloresQ"]
[Black "FelixBlohberger"]
[Result "0-1"]
[WhiteElo "2451"]
[BlackElo "2632"]
[TimeControl "180+1"]
[EndTime "11:02:25 PDT"]
[Termination "FelixBlohberger won by resignation"]

1. e4 e5 2. Nf3 Nf6 3. Nxe5 d6 4. Nf3 Nxe4 5. Nc3 Nxc3 6. dxc3 Be7 7. Be3 Nc6 8. Qd2 Bf5 9. O-O-O Qd7 10. Kb1 O-O 11. Be2 Rae8 12. Rhg1 Bd8 13. h3 Bg6 14. g4 f5 15. g5 f4 16. Bxf4 Rxf4 17. Qxf4 Rxe2 18. Rge1 Bxc2+ 19. Kc1 Bxd1 20. Qc4+ 0-1

[Event "*** Titled Tuesday Blitz"]
[Site "Chess.com"]
[Date "2020.05.12"]
[Round "6"]
[White "etesungam"]
[Black "RATNAKARAN"]
[Result "1-0"]
[WhiteElo "2446"]
[BlackElo "2567"]
[TimeControl "180+1"]
[EndTime "11:02:30 PDT"]
[Termination "etesungam won by resignation"]

1. d4 Nf6 2. c4 c5 3. d5 e6 4. Nc3 exd5 5. cxd5 d6 6. e4 g6 7. h3 Bg7 8. Bd3 O-O 9. Nf3 a6 10. O-O b5 11. a4 b4 12. Nb1 Re8 13. Nbd2 Ra7 14. Qc2 Rae7 15. Rb1 Bb7 16. b3 h6 17.
Bb2 Kh7 18. Rfe1 Nbd7 19. Re2 Nb6 20. Rbe1 a5 21. Nc4 Nxc4 22. Bxc4 Nxe4 23. Bxg7 f5 24. Ba1 Bc8 25. Nd2 Nxd2 26. Qxd2 Rxe2 27. Rxe2 Rxe2 28. Qxe2 Bd7 29. Qb2 Qf8 30. Qf6 1-0